[Event "Team 45 45 League T30"]
[Site "Internet Chess Club"]
[Date "2006.04.17"]
[Round "4"]
[White "mwm913"]
[Black "klt713"]
[Result "0-1"]
[WhiteElo "1315"]
[BlackElo "1317"]
[TimeControl "2700+45"]

1. e4 c5 2. Nf3 e6 3. Nc3 a6 4. Bc4 b5 5. Be2 c4 6. d3 cxd3 7. cxd3 Nc6 8. a3 g6
9. O-O Bg7 10. Be3 Bb7 11. Qc2 Qc7 12. Rac1 Rc8 13. Qd2 Qb8 14. Rfd1 Nge7 15. d4
O-O 16. e5 Nf5 17. Bf4 Nce7 18. Qd3 Qa8 19. Ra1 Nd5 20. Nxd5 Bxd5 21. b3 Qa7 22.
Re1 Rc7 23. h3 Rfc8 24. Bd2 Bxf3 25. Bxf3 Nxd4 26. Bd1 Nf5 27. Rb1 Rc5 28. Be3
Nxe3 29. Rxe3 Bxe5 30. Qe2 Qc7 31. g3 Bd4 32. Rd3 Qd6 33. b4 Rd5 34. Bb3 Re5 35.
Qd2 Re4 36. Rf1 Qe5 37. Kg2 Qd6 38. f3 Re5 39. Rxd4 Qc6 40. Rc1 Qb7 41. Kh2 Rxc1
42. Qxc1 Re2+ 43. Kg1 Qxf3 44. Qc8+ Kg7 {White forfeits on time} 0-1  aics%

[Event "Team 45 45 League T30"]
[Site "Internet Chess Club"]
[Date "2006.04.16"]
[Round "4"]
[White "DayDream01"]
[Black "CDGuyHall"]
[Result "1-0"]
[WhiteElo "1155"]
[BlackElo "1132"]
[TimeControl "2700+45"]

1. d4 d5 2. c4 e6 3. Nf3 Bd6 4. Nc3 Ne7 5. e4 c5 6. e5 Bc7 7. dxc5 O-O 8. Bg5
Ba5 9. Be2 Nd7 10. O-O f6 11. exf6 Nxf6 12. Qd4 Nf5 13. Qd3 h6 14. Bxf6 Qxf6 15.
cxd5 Bxc3 16. bxc3 exd5 17. Qxd5+ Be6 18. Qxb7 Rab8 19. Qxa7 Qxc3 20. Rfc1 Qb2
21. Rab1 Qxb1 22. Rxb1 Rxb1+ 23. Bf1 Bc4 24. Nd2 Rc1 25. Nxc4 Nd4 26. Qe7 Nf5
27. Qe6+ Kh8 28. c6 Nd4 29. Qe7 Rc8 30. h3 Rxc6 31. Qd8+ Kh7 32. Qxd4 R6xc4 33.
Qd3+ Kg8 34. Qxc4+ Rxc4 35. Bxc4+ Kf8 36. a4 Ke7 37. a5 Kd7 38. a6 Kc7 39. f4
Kb6 40. f5 Kc5 41. a7 {Black resigns} 1-0  aics%  catrasca(71): ??? aics%

[Event "Team 45 45 League T30"]
[Site "Internet Chess Club"]
[Date "2006.04.20"]
[Round "4"]
[White "NineMilly"]
[Black "ffplayer"]
[Result "1-0"]
[WhiteElo "1216"]
[BlackElo "1154"]
[TimeControl "2700+45"]

1. e4 e5 2. c4 Nf6 3. Nc3 Bc5 4. Nf3 Nc6 5. Be2 Nd4 6. Nxe5 Qe7 7. f4 d6 8. Nd5
Qd8 9. Nxf6+ Qxf6 10. Nxf7 O-O 11. Nxd6 cxd6 12. d3 Nxe2 13. Qxe2 Re8 14. Qh5
Bb4+ 15. Ke2 Bf5 16. Kf3 Bxe4+ 17. dxe4 Bc5 18. Qd5+ Qf7 19. Qxf7+ Kxf7 20. Be3
Bxe3 21. Kxe3 Re6 22. Rad1 Rae8 23. Rd4 Rd8 24. e5 Ke7 25. Rhd1 Rd7 26. c5 d5
27. Rxd5 Rxd5 28. Rxd5 Rc6 29. b4 b6 30. e6 Kxe6 31. Re5+ Kf6 32. cxb6 Rxb6 33.
b5 a6 34. a4 Rd6 35. bxa6 Rxa6 36. a5 Rd6 37. Rb5 Ke7 38. Rb7+ Rd7 39. a6 Rc7
{Black resigns} 1-0  aics%

[Event "Team 45 45 League T30"]
[Site "Internet Chess Club"]
[Date "2006.04.18"]
[Round "4"]
[White "LaskerFan"]
[Black "Bowlomeat"]
[Result "0-1"]
[WhiteElo "1352"]
[BlackElo "1553"]
[TimeControl "2700+45"]

1. e4 e5 2. Nf3 Nc6 3. Bb5 a6 4. Ba4 Nf6 5. O-O Bc5 6. c3 b5 7. Bb3 O-O 8. a4 b4
9. Nxe5 Nxe5 10. d4 Nxe4 11. Bd5 Nc6 12. Bxe4 d5 13. Qh5 dxe4 14. dxc5 Be6 15.
Nd2 bxc3 16. Nxe4 c2 17. Ra3 Qe7 18. Rg3 f6 19. f4 Bf7 20. Qg4 Bg6 21. f5 Ne5
22. Qf4 Bh5 23. Qh6 Bg4 24. Qe3 Rae8 25. Rf4 Qd7 26. c6 Qd1+ 27. Rf1 Be2 28. Nd2
Nf3+ 29. Qxf3 Bxf3 30. Rxf3 Re1 31. Rxe1 Qxe1+ 32. Rf1 Qd1 {White resigns} 0-1 
aics%

[Event "Team 45 45 League T30"]
[Site "Internet Chess Club"]
[Date "2006.04.16"]
[Round "4"]
[White "stan194803"]
[Black "Gomer"]
[Result "1/2-1/2"]
[WhiteElo "1400"]
[BlackElo "1268"]
[TimeControl "2700+45"]

1. e4 e5 2. Nf3 Nf6 3. Nc3 d6 4. Bc4 Be7 5. d3 Nc6 6. Be3 Ng4 7. Qd2 Nxe3 8.
Qxe3 O-O 9. h3 Be6 10. Nd5 Na5 11. Nxe7+ Qxe7 12. Bxe6 Qxe6 13. O-O Nc6 14. Qd2
f5 15. Ng5 Qh6 16. f4 exf4 17. Qxf4 Nd4 18. Qf2 Nxc2 19. Qxc2 Qxg5 20. exf5 c6
21. Qb3+ Rf7 22. Rae1 d5 23. d4 b5 24. Qc3 Rf6 25. b3 Raf8 26. Qa5 Rxf5 27. Qxa7
Rxf1+ 28. Rxf1 Rxf1+ 29. Kxf1 Qf4+ 30. Kg1 Qc1+ 31. Kh2 Qf4+ 32. Kg1 Qe3+ 33.
Kf1 Qc1+ 34. Kf2 Qf4+ 35. Kg1 Qe3+ 36. Kh1 Qc1+ 37. Kh2 Qf4+ {Game drawn by
mutual agreement} 1/2-1/2  aics%

[Event "Team 45 45 League T30"]
[Site "Internet Chess Club"]
[Date "2006.04.17"]
[Round "4"]
[White "calily"]
[Black "gartman"]
[Result "0-1"]
[WhiteElo "1623"]
[BlackElo "1640"]
[TimeControl "2700+45"]

1. e4 c5 2. Nf3 d6 3. d4 cxd4 4. Nxd4 Nf6 5. Nc3 a6 6. f3 e5 7. Nb3 Be6 8. Be3
Nbd7 9. g4 b5 10. Qd2 Nb6 11. O-O-O b4 12. Ne2 Nc4 13. Qd3 Be7 14. g5 Nh5 15. h4
O-O 16. Bh3 Qc7 17. Bg4 g6 18. Bxh5 gxh5 19. Ng3 Rac8 20. Rh2 a5 21. Kb1 a4 22.
Na1 Na3+ 23. bxa3 Bc4 24. Qd2 bxa3 25. Nb3 axb3 26. cxb3 Rb8 27. Ka1 d5 28. bxc4
d4 29. Bxd4 exd4 30. Qxd4 Rfd8 31. Qg1 Rxd1+ 32. Qxd1 Qxg3 33. Rd2 Qe5+ 34. Rd4
Bc5 {White resigns} 0-1  aics%

[Event "Team 45 45 League T30"]
[Site "Internet Chess Club"]
[Date "2006.04.16"]
[Round "4"]
[White "Fegary"]
[Black "arriero55"]
[Result "0-1"]
[WhiteElo "1578"]
[BlackElo "1598"]
[TimeControl "2700+45"]

1. e4 c5 2. Nc3 e6 3. Nge2 d6 4. g3 Nf6 5. Bg2 Be7 6. O-O Nc6 7. d3 O-O 8. h3 d5
9. exd5 exd5 10. d4 cxd4 11. Nxd4 Be6 12. Nxe6 fxe6 13. Bg5 h6 14. Be3 Bb4 15.
Nb5 a6 16. Nd4 Qe7 17. c3 Bd6 18. Qd2 Nxd4 19. Bxd4 e5 20. Rae1 Qc7 21. Be3 e4
22. g4 Kf7 23. f4 Qc6 24. f5 Bc5 25. b4 Bxe3+ 26. Qxe3 Rac8 27. Rc1 Rfe8 28. Rf2
Kf8 29. Rd2 Re7 30. Kf2 a5 31. a3 Qa4 32. Kg3 Qxa3 33. Rdc2 axb4 34. g5 hxg5 35.
Qxg5 bxc3 36. Qh4 Qd6+ 37. Kf2 Qc5+ 38. Ke2 Qc4+ 39. Ke1 d4 40. Bf1 d3 41. Rxc3
d2+ 42. Kxd2 e3+ 43. Kd1 e2+ {White resigns} 0-1  aics%

[Event "Team 45 45 League T30"]
[Site "Internet Chess Club"]
[Date "2006.04.18"]
[Round "4"]
[White "egd01"]
[Black "C-Jones"]
[Result "0-1"]
[WhiteElo "1572"]
[BlackElo "1633"]
[TimeControl "2700+45"]

1. e4 e6 2. d4 d5 3. exd5 exd5 4. Nf3 Nf6 5. Nc3 Be7 6. Bf4 a6 7. a4 O-O 8. Be2
Nc6 9. O-O Bf5 10. Bd3 Bxd3 11. Qxd3 Rc8 12. Ne2 Re8 13. Rfe1 Bd6 14. Bxd6 Qxd6
15. Ng3 Qb4 16. Rxe8+ Rxe8 17. Qc3 Ne4 18. Qxb4 Nxb4 19. c3 Nxg3 20. hxg3 Nd3
21. Kf1 Nxb2 22. Rb1 Nxa4 23. Rxb7 Nxc3 24. Rxc7 Nb5 25. Rd7 Ra8 26. Rxd5 Nc3
27. Ra5 Kf8 28. Ke1 Ke7 29. Kd2 Ne4+ 30. Ke3 Nd6 31. Kd3 h6 32. Ne5 Nb7 33. Rd5
Ke6 34. Rd7 Nd6 35. Rc7 a5 36. Nc4 Nxc4 37. Kxc4 a4 38. d5+ Kd6 39. Rc6+ Kd7 40.
Rb6 a3 41. Rb1 a2 42. Ra1 Kd6 43. Kb3 Kxd5 44. f3 Kd4 45. Kb2 Ke3 46. Rc1 a1=Q+
{White resigns} 0-1  aics%

[Event "Team 45 45 League T30"]
[Site "Internet Chess Club"]
[Date "2006.04.15"]
[Round "4"]
[White "chesskix"]
[Black "blancaas"]
[Result "0-1"]
[WhiteElo "1495"]
[BlackElo "1705"]
[TimeControl "2700+45"]

1. Nf3 c5 2. c4 d6 3. g3 Nf6 4. Bg2 g6 5. O-O Bg7 6. Nc3 Nc6 7. e3 O-O 8. b3 Bg4
9. Bb2 Rc8 10. Rb1 Re8 11. Qc2 Bf5 12. e4 Nxe4 13. Nxe4 Nb4 14. Qd1 Bxe4 15.
Bxg7 Kxg7 16. Rb2 Bc6 17. d4 cxd4 18. Nxd4 Bxg2 19. Kxg2 Nc6 20. Nxc6 bxc6 21.
Re1 e5 22. Rd2 Re6 23. c5 d5 24. b4 d4 25. f3 Rc7 26. a3 Rce7 27. g4 f5 28. gxf5
gxf5 29. Kf2 Kf8 30. Rg1 Rg7 31. Rxg7 Kxg7 32. h4 Qxh4+ 33. Ke2 Qg5 34. Kd3 Qe3+
35. Kc2 Qxa3 36. Rg2+ Kf6 37. Rg3 Qxb4 38. Qh1 Qxc5+ 39. Kd3 Qc3+ 40. Ke2 Qe3+
41. Kf1 Qc1+ {White resigns} 0-1  aics%

[Event "Team 45 45 League T30"]
[Site "Internet Chess Club"]
[Date "2006.04.17"]
[Round "4"]
[White "WilmaP"]
[Black "rgadoury"]
[Result "0-1"]
[WhiteElo "1099"]
[BlackElo "1335"]
[TimeControl "2700+45"]

1. e4 e5 2. Nf3 Nc6 3. d4 d5 4. Nc3 dxe4 5. Nxe5 Nxe5 6. dxe5 Qxd1+ 7. Nxd1 Bc5
8. Bc4 Be6 9. Bb3 c6 10. O-O Ne7 11. Be3 Bxe3 12. Nxe3 Bxb3 13. axb3 O-O 14.
Rad1 Rfd8 15. c4 Rd3 16. b4 a6 17. Ng4 Rad8 18. Ne3 Ng6 19. h3 Nxe5 20. c5 Rxd1
21. Nxd1 Nd3 22. Ne3 Nxb4 23. Nf5 Nd3 24. Nd6 Nxc5 25. Rc1 Rxd6 26. Rxc5 b6 27.
Re5 Re6 28. Rg5 g6 29. h4 h6 30. Rg4 f5 31. Rg3 a5 32. Kh2 h5 33. Rc3 Kf7 34.
Rc1 Rd6 35. Re1 Kf6 36. f3 exf3 37. gxf3 f4 38. Re8 Kf7 39. Rb8 Rd2+ 40. Kh3
Rxb2 41. Rb7+ Kf6 42. Rb8 b5 43. Rf8+ Kg7 44. Rxf4 Rb4 45. Rxb4 axb4 46. Kg2 c5
47. Kf2 c4 48. Ke2 b3 49. Kd2 b4 50. Kc1 Kf6 51. Kb2 Ke5 52. Kb1 Kd4 53. Kb2 Kd3
54. f4 Kd2 55. Kb1 c3 {White resigns} 0-1  aics%

[Event "Team 45 45 League T30"]
[Site "Internet Chess Club"]
[Date "2006.04.15"]
[Round "4"]
[White "schweppz"]
[Black "Conjurer"]
[Result "1-0"]
[WhiteElo "1252"]
[BlackElo "1314"]
[TimeControl "2700+45"]

1. e4 c5 2. Nf3 d6 3. d4 cxd4 4. c3 dxc3 5. Nxc3 Nf6 6. Bc4 e6 7. e5 Nd5 8. Nxd5
exd5 9. Qxd5 Be6 10. Qb5+ Nc6 11. Bxe6 fxe6 12. Qxb7 Nxe5 13. Nxe5 dxe5 14. Qb5+
Qd7 15. Qxe5 Bd6 16. Qe4 O-O 17. O-O Rab8 18. b3 Rb4 19. Qe1 Rh4 20. f4 Bxf4 21.
Qxh4 Qd4+ 22. Kh1 Qxa1 23. Qe7 Qxa2 24. Qxe6+ Kh8 25. Bxf4 Qd2 26. h3 Qd3 27.
Rg1 h6 28. Be5 Qb5 29. Qxh6+ Kg8 30. Qg5 Rf7 31. Rd1 Rd7 32. Rc1 Qb7 33. Kh2 Rf7
34. Qg3 Qe7 35. Rc7 Qf8 36. Rxf7 Qxf7 37. b4 Qb7 38. b5 Kf8 39. Qf3+ Qf7 40.
Qxf7+ Kxf7 41. Bb8 {Black resigns} 1-0  aics%

[Event "Team 45 45 League T30"]
[Site "Internet Chess Club"]
[Date "2006.04.17"]
[Round "4"]
[White "Havoc"]
[Black "gatoruss"]
[Result "1-0"]
[WhiteElo "1324"]
[BlackElo "1263"]
[TimeControl "2700+45"]

1. d4 Nf6 2. Nf3 d5 3. Bf4 g6 4. e3 Bg7 5. Be2 O-O 6. O-O Nh5 7. Nc3 Nxf4 8.
exf4 Nc6 9. Ne5 Nxe5 10. fxe5 f6 11. f4 fxe5 12. fxe5 Bf5 13. Bg4 e6 14. Bxf5
exf5 15. Qd3 c6 16. Kh1 f4 17. Rf3 Rf5 18. Re1 Qh4 19. Qe2 Rh5 20. Rh3 Qe7 21.
Rxh5 gxh5 22. Qxh5 Rf8 23. Rf1 Qe6 24. Ne2 Rf5 25. Qh3 c5 26. Nxf4 cxd4 27. Qd3
Qxe5 28. g3 Qe4+ 29. Kg1 Qe3+ 30. Kh1 Qxd3 31. cxd3 Be5 32. Kg2 Bxf4 33. gxf4
Kf7 34. Kg3 h5 35. h4 Ke6 36. Re1+ Kd6 37. Rc1 b5 38. Rc8 Rf7 39. Rh8 Rg7+ 40.
Kf3 a5 41. Rxh5 b4 42. b3 a4 43. Rh6+ Kc5 44. Re6 Ra7 45. Re8 axb3 46. axb3 Ra3
47. Rc8+ Kd6 48. h5 Rxb3 49. Ke2 Rb2+ 50. Kf3 Rd2 51. h6 Rh2 52. Rd8+ Ke6 53.
Rb8 b3 54. Rxb3 Kf7 55. Rb4 Rh3+ 56. Ke2 Rxh6 57. Rxd4 Rf6 58. Kf3 Ke6 59. Rb4
Rh6 60. Rb6+ {Black resigns} 1-0  aics%

[Event "Team 45 45 League T30"]
[Site "Internet Chess Club"]
[Date "2006.04.14"]
[Round "4"]
[White "Urookfantastic"]
[Black "guyd52"]
[Result "1-0"]
[WhiteElo "1315"]
[BlackElo "1355"]
[TimeControl "2700+45"]

1. e4 d6 2. d4 g6 3. Nf3 Nf6 4. c4 Bg7 5. Nc3 O-O 6. Bd2 Nbd7 7. Bd3 e5 8. Bg5
exd4 9. Nxd4 h6 10. Be3 Re8 11. O-O Ng4 12. Qxg4 Ne5 13. Qe2 c5 14. Nb3 Be6 15.
f3 Nc6 16. Nd5 Ne5 17. Rf2 Kh7 18. Nf4 Nxd3 19. Qxd3 Bxb2 20. Rxb2 Bd7 21. Qxd6
{Black resigns} 1-0  aics%

[Event "Team 45 45 League T30"]
[Site "Internet Chess Club"]
[Date "2006.04.13"]
[Round "4"]
[White "Traho"]
[Black "Knight-Rookie"]
[Result "0-1"]
[WhiteElo "1302"]
[BlackElo "1522"]
[TimeControl "2700+45"]

1. e4 e5 2. Nf3 Nc6 3. Bb5 Nf6 4. O-O Bc5 5. Bxc6 bxc6 6. h3 d6 7. d4 exd4 8.
Nxd4 Bb7 9. Bg5 O-O 10. Re1 Re8 11. c3 a5 12. Nd2 h6 13. Bh4 Qe7 14. Qa4 Bxd4
15. cxd4 Qe6 16. Qb3 Qxb3 17. axb3 g5 18. e5 dxe5 19. dxe5 Nd5 20. Bg3 Nb4 21.
Re2 Rad8 22. Nc4 Ra8 23. f4 Ba6 24. Rxa5 Bxc4 25. Rxa8 Rxa8 26. bxc4 Nd3 27. Rd2
Ra1+ 28. Kh2 Nxf4 29. Bxf4 gxf4 30. Rd7 Re1 31. Rxc7 Rxe5 32. Rxc6 Re2 33. Rf6
Rxb2 34. Rxf4 Rc2 35. Kg3 Kg7 36. Kf3 Kg6 37. Re4 Kf5 38. Re3 Rxc4 39. Re7 f6
40. Rg7 h5 41. Rg8 h4 42. Rg4 Rxg4 43. hxg4+ Kg5 44. g3 h3 45. Kf2 Kxg4 46. Kf1
Kxg3 47. Kg1 f5 48. Kh1 f4 49. Kg1 Kf3 50. Kf1 h2 {White resigns} 0-1  aics%

[Event "Team 45 45 League T30"]
[Site "Internet Chess Club"]
[Date "2006.04.14"]
[Round "4"]
[White "wellfred"]
[Black "littleboo"]
[Result "0-1"]
[WhiteElo "1144"]
[BlackElo "1272"]
[TimeControl "2700+45"]

1. e4 e5 2. Nf3 Nc6 3. a3 Nf6 4. Nc3 d5 5. Bb5 Nxe4 6. Bxc6+ bxc6 7. Nxe4 dxe4
8. Nxe5 Qg5 9. Ng4 Bxg4 10. f3 exf3 11. d3 f2+ 12. Kxf2 Qf5+ 13. Qf3 Bxf3 14.
gxf3 Qc5+ 15. Be3 Qxc2+ 16. Kg3 Qxb2 17. Rhe1 O-O-O 18. Reb1 Bd6+ 19. f4 Qe2 20.
Bxa7 Qxd3+ 21. Kg4 h5+ 22. Kh4 Be7# {White checkmated} 0-1  aics% 



EL-BUHO(FM)(71): holitas
aics%

[Event "ICC 45 45"]
[Site "Internet Chess Club"]
[Date "2006.04.17"]
[Round "4"]
[White "DarrkKnight"]
[Black "houthakker"]
[Result "0-1"]
[WhiteElo "1848"]
[BlackElo "2058"]
[TimeControl "2700+45"]

1. e4 e6 2. d4 d5 3. Nc3 Bb4 4. e5 c5 5. a3 Bxc3+ 6. bxc3 Ne7 7. Qg4 cxd4 8.
cxd4 Qc7 9. Qd1 Qc3+ 10. Bd2 Qxd4 11. Nf3 Qb6 12. Bd3 Nbc6 13. O-O h6 14. Qc1
Bd7 15. a4 Na5 16. Rb1 Qc7 17. Bxa5 Qxa5 18. Rxb7 Qxa4 19. Qb2 O-O 20. Ra1 Qc6
21. Raxa7 Rxa7 22. Rxa7 Ra8 23. Bb5 Rb8 24. Nd4 Qc8 25. Qa3 Bxb5 26. Qxe7 Be8
27. h3 Qc3 28. Nf3 Qxc2 29. Qd6 Qb1+ 30. Kh2 Qb6 31. Qe7 Qxf2 32. Rb7 Ra8 33.
Rb4 Qa7 34. Rb7 Qa3 35. Rb4 Rb8 36. Rb7 Qxe7 37. Rxe7 Kf8 38. Rc7 Rb4 39. Kg3
Re4 40. Kf2 g6 41. g4 Ba4 42. Rc1 Ke7 43. Rc7+ Bd7 44. Rc1 f6 45. exf6+ Kxf6 46.
Nd2 Rb4 47. Ke3 e5 48. Rf1+ Ke6 49. Nf3 d4+ 50. Kd2 e4 51. Nh4 e3+ 52. Kc1 Bb5
53. Rf8 Bd3 54. Re8+ Kf7 55. Re5 Rb1# {White checkmated} 0-1  aics%

[Event "Team 45 45 League T30"]
[Site "Internet Chess Club"]
[Date "2006.04.15"]
[Round "4"]
[White "alastorx"]
[Black "Qualm"]
[Result "1/2-1/2"]
[WhiteElo "1771"]
[BlackElo "1843"]
[TimeControl "2700+45"]

1. d4 Nf6 2. Nc3 g6 3. e4 d6 4. f3 Bg7 5. Be3 O-O 6. Qd2 Nbd7 7. O-O-O e5 8. h4
exd4 9. Bxd4 Nh5 10. Bxg7 Kxg7 11. g4 Ng3 12. Rh2 Nxf1 13. Rxf1 Nb6 14. b3 h6
15. Nh3 Qxh4 16. Rfh1 Be6 17. Nf4 Qg3 18. Nxe6+ fxe6 19. Qxh6+ Kf6 20. e5+ Qxe5
21. Ne4+ Ke7 22. Qxg6 Rf7 23. Rh7 Rf8 24. Ng5 Rxh7 25. Rxh7+ Kd8 26. Nxe6+ Kc8
27. Nxf8 Qe3+ 28. Kb1 Qe1+ 29. Kb2 Nc4+ 30. bxc4 {Game drawn by mutual
agreement} 1/2-1/2  aics%

[Event "Team 45 45 League T30"]
[Site "Internet Chess Club"]
[Date "2006.04.15"]
[Round "4"]
[White "buzzard"]
[Black "Egmont"]
[Result "1-0"]
[WhiteElo "1714"]
[BlackElo "1733"]
[TimeControl "2700+45"]

1. e4 c5 2. Nf3 Nc6 3. b4 b6 4. Bc4 e6 5. O-O Nf6 6. Re1 Be7 7. bxc5 bxc5 8. c3
Nxe4 9. Rxe4 d5 10. Bb5 dxe4 11. Bxc6+ Bd7 12. Bxe4 Rb8 13. Ne5 Bb5 14. Bc6+
Bxc6 15. Nxc6 Qc7 16. Nxb8 Qxb8 17. Qa4+ Kf8 18. Qb3 Qd6 19. Na3 g6 20. Nc4 Qc7
21. Rb1 Kg7 22. Qb7 Qxb7 23. Rxb7 Bg5 24. g3 a6 25. Ba3 Rc8 26. f4 Bf6 27. Rxf7+
Kxf7 28. Nd6+ Ke7 29. Nxc8+ Kd7 30. Nb6+ Kc6 31. Bxc5 Kxc5 32. Nd7+ Kc4 33. Nxf6
Kd3 34. Nxh7 {Black resigns} 1-0  aics%

[Event "Team 45 45 League T30"]
[Site "Internet Chess Club"]
[Date "2006.04.16"]
[Round "4"]
[White "NFK"]
[Black "Migs-19"]
[Result "1-0"]
[WhiteElo "1592"]
[BlackElo "1597"]
[TimeControl "2700+45"]

1. e4 d5 2. exd5 Nf6 3. d4 Qxd5 4. Nc3 Qh5 5. Qxh5 Nxh5 6. Nd5 Kd8 7. Nf3 Be6 8.
Ne3 f6 9. g3 Nd7 10. Bg2 Bf7 11. c4 g5 12. Bd2 Nb6 13. c5 Nd5 14. Nxd5 Bxd5 15.
O-O g4 16. Ng5 Bxg2 17. Ne6+ Kc8 18. Kxg2 Bg7 19. Ba5 c6 20. Rad1 Rg8 21. d5
cxd5 22. Rxd5 Bh8 23. Rxh5 Kd7 24. Nf4 Kc6 25. Rxh7 Kxc5 26. Rxe7 b5 27. Rc1+
Kd4 28. Rd7+ Ke4 29. Re1+ Kf5 30. Rd5# {Black checkmated} 1-0  aics%

[Event "Team 45 45 League T30"]
[Site "Internet Chess Club"]
[Date "2006.04.15"]
[Round "4"]
[White "nightly"]
[Black "Amauta"]
[Result "0-1"]
[WhiteElo "1940"]
[BlackElo "1955"]
[TimeControl "2700+45"]

1. c4 f5 2. Nf3 Nf6 3. g3 e6 4. Bg2 Be7 5. O-O O-O 6. Nc3 Nc6 7. d3 a6 8. a3 d6
9. b4 e5 10. e4 fxe4 11. dxe4 Be6 12. Qe2 Bg4 13. Qd3 Qd7 14. Nd5 Bd8 15. Bg5
Nxd5 16. exd5 Bxf3 17. Bxf3 Nd4 18. Be4 Bxg5 19. f4 Bf6 20. Bxh7+ Kh8 21. Ra2
Qh3 22. Be4 Rae8 23. Raf2 exf4 24. Rxf4 Qh5 25. Qxd4 Bxd4+ {White resigns} 0-1 
aics%

[Event "Team 45 45 League T30"]
[Site "Internet Chess Club"]
[Date "2006.04.16"]
[Round "4"]
[White "room-matt"]
[Black "Rlopez"]
[Result "1-0"]
[WhiteElo "1823"]
[BlackElo "1816"]
[TimeControl "2700+45"]

1. e4 c5 2. Nf3 Nc6 3. d4 cxd4 4. Nxd4 Nf6 5. Nc3 e5 6. Ndb5 d6 7. Nd5 Nxd5 8.
exd5 Nb8 9. c4 a6 10. Nc3 Be7 11. Bd3 Nd7 12. O-O Nf6 13. b3 O-O 14. Re1 Nd7 15.
Bb2 f5 16. Qf3 e4 17. Nxe4 fxe4 18. Qxe4 g6 19. Qxe7 Qxe7 20. Rxe7 Nc5 21. Rg7+
Kh8 22. Rxg6+ Rf6 23. Bxf6# {Black checkmated} 1-0  aics%

[Event "Team 45 45 League T30"]
[Site "Internet Chess Club"]
[Date "2006.04.16"]
[Round "4"]
[White "herbertfaria"]
[Black "Simonside"]
[Result "0-1"]
[WhiteElo "1690"]
[BlackElo "1880"]
[TimeControl "2700+45"]

1. e4 Nf6 2. e5 Nd5 3. d4 d6 4. c4 Nb6 5. exd6 cxd6 6. Nc3 g6 7. Bg5 Bg7 8. Qd2
Nc6 9. Nf3 Bg4 10. d5 Bxf3 11. gxf3 Ne5 12. Qf4 h6 13. Ne4 hxg5 14. Nxg5 Bh6 15.
Qg3 Bxg5 16. f4 Bh4 17. Qc3 Na4 18. Qb4 Nf3+ 19. Ke2 Nd4+ 20. Kd2 Nc5 21. Bd3
Bf6 22. Ke3 a5 23. Qe1 Rh3+ {White resigns} 0-1  aics%

[Event "Team 45 45 League T30"]
[Site "Internet Chess Club"]
[Date "2006.04.18"]
[Round "4"]
[White "clarinetref"]
[Black "hondocando"]
[Result "1-0"]
[WhiteElo "1637"]
[BlackElo "1609"]
[TimeControl "2700+45"]

1. Nf3 d5 2. c4 dxc4 3. e4 Be6 4. Na3 Nc6 5. Nxc4 Bxc4 6. Bxc4 e5 7. Qb3 Qe7 8.
Qxb7 Rd8 9. Qxc6+ Qd7 10. Qxd7+ Rxd7 11. Nxe5 Rd4 12. Bxf7+ Ke7 13. Nc6+ Kxf7
14. Nxd4 Nf6 15. d3 Bc5 16. Be3 Ng4 17. h3 Ne5 18. Rd1 Bxd4 19. Bxd4 Nc6 20. Bc3
Rd8 21. O-O g6 22. f4 Ne7 23. Ba5 Rd7 24. Rf3 Nc6 25. Bc3 Ne7 26. d4 c6 27. Bb4
Ng8 28. f5 gxf5 29. Rxf5+ Kg6 30. Rd3 Nh6 31. Rg3+ {Black resigns} 1-0  aics%

[Event "Team 45 45 League T30"]
[Site "Internet Chess Club"]
[Date "2006.04.17"]
[Round "4"]
[White "sdcohle"]
[Black "Tomate"]
[Result "0-1"]
[WhiteElo "1346"]
[BlackElo "1428"]
[TimeControl "2700+45"]

1. d4 Nf6 2. Nf3 g6 3. g3 Bg7 4. Bg2 O-O 5. Nbd2 c6 6. b3 d5 7. Bb2 Qc7 8. O-O
Nbd7 9. e3 b6 10. Rc1 Bb7 11. Re1 Rfe8 12. c4 Rac8 13. cxd5 Nxd5 14. Nh4 Nb4 15.
Nf1 Qb8 16. a3 Nd5 17. Nd2 c5 18. e4 Nc7 19. Nhf3 Ne6 20. Nc4 cxd4 21. Bxd4 Red8
22. Bxg7 Kxg7 23. Qc2 Ndc5 24. Bf1 Kg8 25. Rcd1 Rxd1 26. Rxd1 Nxe4 27. Qd3 Rd8
28. Qc2 Rc8 29. Qd3 Rd8 30. Qc2 Nxg3 31. hxg3 Bxf3 32. Rxd8+ Qxd8 33. Bg2 Bxg2
34. Kxg2 Qd5+ 35. f3 Nd4 36. Qc3 Nb5 37. Qe3 Qd7 38. a4 Nd6 39. Ne5 Qe6 40. Qc3
Nf5 41. Ng4 Qe2+ 42. Kg1 Qd1+ 43. Kg2 Qe2+ 44. Kg1 f6 45. b4 Qd1+ 46. Kg2 Qxa4
47. Qc4+ Kg7 48. Nf2 Ne3+ 49. Kh3 Nxc4 50. Ne4 Qxb4 51. g4 Nd2 52. Ng3 Qc3 53.
f4 Nf1 54. Kg2 Qxg3+ 55. Kxf1 Qxf4+ 56. Ke2 Qxg4+ 57. Ke3 e5 58. Kd2 Qc4 59. Ke3
b5 60. Kd2 b4 61. Ke3 b3 62. Kd2 b2 63. Ke3 b1=Q 64. Kd2 Qbd3+ 65. Ke1 Qcc3+ 66.
Kf2 Qdd2+ 67. Kf1 Qcc1# {White checkmated} 0-1  aics%

[Event "Team 45 45 League T30"]
[Site "Internet Chess Club"]
[Date "2006.04.13"]
[Round "4"]
[White "Visin"]
[Black "PLB43"]
[Result "0-1"]
[WhiteElo "1293"]
[BlackElo "1367"]
[TimeControl "2700+45"]

1. e4 c6 2. Nf3 d5 3. exd5 cxd5 4. d4 a6 5. Nc3 Nc6 6. Bd3 Nf6 7. Be3 Qc7 8. Bg5
Qd6 9. O-O g6 10. Bxf6 exf6 11. Re1+ Be6 12. a3 Bg7 13. Qd2 O-O 14. Ne2 Ne7 15.
Nf4 Bh6 16. g3 Rfe8 17. Qb4 Qxb4 18. axb4 Bxf4 19. gxf4 Nf5 20. b5 a5 21. b3 b6
22. c4 Ne7 23. c5 Nc8 24. c6 Nd6 25. Nd2 Bf5 26. Bxf5 Nxf5 27. Nf3 Nd6 28. Rxe8+
Rxe8 29. b4 Nxb5 30. bxa5 Ra8 31. a6 Nc7 32. a7 Kf8 33. Rb1 b5 34. Ra1 Ke7 35.
Nd2 Kd6 36. Nb3 Kxc6 37. Nc5 Ne6 38. Ra6+ Kc7 39. Nxe6+ fxe6 40. Rxe6 Rxa7 41.
Kf1 f5 42. Ke2 Rb7 43. Kd3 b4 44. Kc2 Kd7 45. Rf6 Rc7+ 46. Kb3 Rc4 47. Rf7+ Ke6
48. Rb7 Rxd4 49. Rxb4 Rxb4+ 50. Kxb4 Kd6 51. Kb5 h6 52. h3 g5 53. fxg5 hxg5 54.
Kb4 Ke5 55. f3 Kd4 56. Kb3 Kd3 57. Kb4 Ke3 58. Kc5 d4 {White resigns} 0-1  aics%

[Event "Team 45 45 League T30"]
[Site "Internet Chess Club"]
[Date "2006.04.17"]
[Round "4"]
[White "nodakindy"]
[Black "Dalcon"]
[Result "1/2-1/2"]
[WhiteElo "1235"]
[BlackElo "1300"]
[TimeControl "2700+45"]

1. d4 Nf6 2. Nf3 d5 3. e3 g6 4. Bd3 Bg7 5. O-O O-O 6. Nbd2 Nbd7 7. c3 c5 8. e4
dxe4 9. Nxe4 Nxe4 10. Bxe4 cxd4 11. Nxd4 Nf6 12. Bc2 e5 13. Nf3 e4 14. Qxd8 Rxd8
15. Nd4 Re8 16. Re1 b6 17. Nb5 Re7 18. Bg5 Bf5 19. f3 e3 20. Bxf5 gxf5 21. Bxe3
Nd5 22. Bd4 Rxe1+ 23. Rxe1 Nf4 24. Bxg7 Kxg7 25. Re7 Nd3 26. b3 a6 27. Nd6 Kf6
28. Rb7 b5 29. Nxf7 Re8 30. h3 Re7 31. Rxe7 Kxe7 32. Nh6 Ke6 33. g3 Nc1 34. g4
fxg4 35. hxg4 Nxa2 36. Nf5 Nxc3 37. Kf2 a5 38. Nd4+ Kd5 39. Ke3 a4 40. bxa4 bxa4
41. Nc2 Kc4 42. f4 Kb3 43. Kd3 Nd5 44. f5 h6 45. Na1+ Kb2 46. Nc2 a3 47. Nxa3
Kxa3 48. Ke4 Nf6+ 49. Kf4 Kb4 50. g5 hxg5+ 51. Kxg5 Nd5 52. Kg6 Ne7+ 53. Kg5
Nxf5 {Game drawn because neither player has mating material} 1/2-1/2  aics%

[Event "Team 45 45 League T30"]
[Site "Internet Chess Club"]
[Date "2006.04.17"]
[Round "4"]
[White "GLuft"]
[Black "carolinaknight"]
[Result "1-0"]
[WhiteElo "1242"]
[BlackElo "1206"]
[TimeControl "2700+45"]

1. e4 e6 2. d4 d5 3. e5 c5 4. Nf3 Nc6 5. Be2 Qb6 6. c3 Nge7 7. dxc5 Qxc5 8. Be3
Qa5 9. O-O Nf5 10. Bf4 g6 11. Nbd2 Bh6 12. Nb3 Qd8 13. Bxh6 Nxh6 14. Nc5 O-O 15.
Nd4 Nxd4 16. Qxd4 Nf5 17. Qd3 Qc7 18. b4 Qxe5 19. Rae1 Rd8 20. Bg4 Qf6 21. Bxf5
exf5 22. Qd4 Qg5 23. g3 b6 24. Nb3 Ba6 25. h4 Qg4 26. Re7 Qh3 27. Rfe1 Rf8 28.
Nd2 Qg4 29. Qxd5 Rad8 30. Rd7 f4 31. Rxd8 Rxd8 32. Qxd8+ Kg7 33. Qd4+ Kh6 34.
Qxf4+ Kh5 35. Qxg4+ Kxg4 36. Re4+ Kf5 37. g4+ Kf6 38. f4 Bc8 39. g5+ Kg7 40. Kf2
f5 41. Re7+ Kf8 42. Rxh7 Be6 43. Rxa7 {Black resigns} 1-0  aics%